 Dungeon Crawl Stone Soup version 0.30-a0-626-gd6a5dd7a1f (webtiles) character file.

Game seed: 2321666010277023189

89 hikkokomori the Shield-Bearer (level 4, -5/37 HPs)
             Began as a Formicid Fighter on Jan 12, 2023.
             Slain by a gnoll
             ... wielding a +0 halberd
             ... led by a gnoll bouda
              (9 damage)
             ... on level 3 of the Dungeon.
             The game lasted 00:01:56 (2134 turns).

hikkokomori the Shield-Bearer (Formicid Fighter)    Turns: 2134, Time: 00:01:57

Health: -5/37      AC:  6    Str: 22    XL:     4   Next: 84%
Magic:  4/4        EV:  9    Int:  8    God:
Gold:   125        SH:  5    Dex: 13    Spells: 3/3 levels left

rFire   + . .      SeeInvis +    a - +0 war axe
rCold   . . .      Faith    .    c - +0 buckler
rNeg    + . .      Spirit   .    b - +0 scale mail
rPois   .          Reflect  .    (helmet unavailable)
rElec   .          Harm     .    (no cloak)
rCorr   .          Rampage  .    (no gloves)
Will    .....                    (no boots) Stlth
                                 (no amulet)
HPRegen 0.26/turn                j - ring of protection from fire
MPRegen 0.09/turn                k - ring of positive energy

@: no status effects
A: permanent stasis, dig shafts and tunnels, antennae 3, four strong arms
a: Dig, Shaft Self


You were on level 3 of the Dungeon.
You visited 1 branch of the dungeon, and saw 3 of its levels.

You collected 125 gold pieces.

Inventory:

Hand Weapons
 a - a +0 war axe (weapon)
Armour
 b - a +0 scale mail (worn)
 c - a +0 buckler (worn)
Jewellery
 j - a ring of protection from fire (left hand)
 k - a ring of positive energy (right hand)
 s - a ring of magical power
Wands
 m - a wand of mindburst (14)
Scrolls
 g - a scroll of enchant weapon {unknown}
 h - 2 scrolls of identify {unknown}
 i - a scroll of fear {unknown}
 n - a scroll of enchant armour {unknown}
 q - a scroll of fog {unknown}
 r - a scroll of vulnerability {unknown}
Potions
 d - a potion of might
 e - a potion of lignification {unknown}
 f - a potion of curing {unknown}
 l - a potion of mutation {unknown}
 o - a potion of invisibility {unknown}
 p - a potion of brilliance {unknown}


   Skills:
 + Level 4.2 Fighting
 + Level 3.0 Axes
 - Level 3.3 Armour
 + Level 5.1 Shields


You had 3 spell levels left.
You didn't know any spells.
Your spell library contained the following spells:

 Spells                   Type           Power      Damage    Failure   Level
 Sting                    Tmut/Pois      0%         1d3       80%         1
 Poisonous Vapours        Pois/Air       0%         N/A       91%         2
 Olgreb's Toxic Radiance  Pois           0%         N/A       100%        4


Dungeon Overview and Level Annotations

Branches:
Dungeon (3/15)

Altars:
Qazlal
Yredelemnul

Shops:
D:3 (


Innate Abilities, Weirdness & Mutations

You cannot be hasted, slowed, berserked, paralysed or teleported.
You can dig through walls and to a lower floor.
You have a pair of large antennae on your head. (SInv)
Your four strong arms can wield two-handed weapons with a shield.


Message History

The gnoll barely misses you. The gnoll closely misses you. x2
You barely miss the gnoll. You hit the gnoll but do no damage.
A nearby plant withers and dies.
You block the gnoll's attack.
The gnoll hits you from afar with a +0 halberd!
The gnoll barely misses you. You block the gnoll's attack.
The gnoll hits the plant with a +0 halberd.
The plant begins to die.
The gnoll hits you but does no damage. The gnoll closely misses you.
You hit the gnoll.
The gnoll is lightly wounded.
You slash the gnoll! The gnoll hits you but does no damage.
The gnoll barely misses you.
The gnoll hits you from afar with a +0 spear.
The gnoll hits the plant with a +0 halberd!
The plant begins to die.
The gnoll attacks as you move away! The gnoll hits you with a +0 whip.
Okay, then.
You barely miss the gnoll.
The gnoll is severely wounded.
You hit the gnoll. The gnoll misses you. The gnoll hits you but does no damage.
Something hits the plant.
The gnoll hits you from afar with a +0 spear.
Something hits the plant.
You slash the gnoll!
You kill the gnoll!
You slash the gnoll!
A nearby plant withers and dies.
The gnoll hits you with a +0 whip. The gnoll misses you.
The gnoll hits you with a +0 whip.
* * * LOW HITPOINT WARNING * * *
The gnoll hits you from afar with a +0 spear.
* * * LOW HITPOINT WARNING * * *
Unknown command.
Are you sure you want to shaft yourself?
A nearby plant withers and dies.
You block the gnoll's attack. The gnoll hits you with a +0 whip.
* * * LOW HITPOINT WARNING * * *
You block the gnoll's attack.
You begin to dig a shaft.
You continue digging a shaft.
The gnoll hits you from afar with a +0 halberd!
You die...

.# #......PP.# .#
#.P.......# .# #
#.P.......# .#
#.#..PP...P.# .####
.....P..g...# ....##
#....g.g. .##..##
#...ggg# ###...## #)##
#....## #g@## ##....##
##..#### #.....# ##....#
# #.#...#######.....#
####.##........#.....###
..##...#.†.###.#.......##
#.##.#....####.#....##..#
#.##.####....#.########.#
#.##.# #....#..........#


You could see 4 gnolls.

Vanquished Creatures
  A gnoll (D:3)
  2 adders (D:3)
  3 dart slugs
  6 endoplasms
  2 giant cockroaches (D:1)
  8 goblins
  6 hobgoblins
  10 kobolds
  2 quokkas
  3 ball pythons
  3 bats (D:1)
  2 frilled lizards
  7 rats
55 creatures vanquished.

Vanquished Creatures (others)
  8 plants
8 creatures vanquished.

Grand Total: 63 creatures vanquished

Notes
Turn   | Place    | Note
-------+----------+-------------------------------------------
     0 | D:1      | hikkokomori the Formicid Fighter began the quest for the
                  | Orb.
     0 | D:1      | Reached XP level 1. HP: 18/18 MP: 1/1
   148 | D:1      | Reached XP level 2. HP: 20/24 MP: 2/2
   256 | D:1      | Found a faded altar of an unknown god.
   400 | D:1      | Reached XP level 3. HP: 28/28 MP: 3/3
  1010 | D:2      | Found a stormy altar of Qazlal.
  1128 | D:2      | Reached XP level 4. HP: 37/37 MP: 4/4
  1710 | D:3      | Found a basalt altar of Yredelemnul.
  1738 | D:3      | Reached skill level 5 in Shields
  1793 | D:3      | Found Bieritarib's Weapon Shoppe.
  2134 | D:3      | Slain by a gnoll

Illustrated notes

Levels and vault maps discovered:
D:1:      scummos_arrival_checkerplants, layout_basic,
          ebering_ecumenical_altar_sacrificial, grunt_decor_mini_mirrors
D:2:      layout_loops_ring, serial_forest, infiniplex_forest_clump_small,
          infiniplex_forest_clump_small, infiniplex_forest_straight_4,
          infiniplex_forest_clump_medium, infiniplex_forest_lined_3,
          infiniplex_forest_lined_ring, infiniplex_forest_lined_room_2,
          infiniplex_forest_straight_2, infiniplex_forest_clump_large,
          basic_altar, minmay_misc_feat_rugged, minivault_27,
          kennysheep_nondescript
D:3:      layout_rooms, mainiacjoe_overflow_paths,
          mainiacjoe_overflow_boulevard, serial_co_window_serial,
          co_window_paths_a, co_window_paths_b, co_window_paths_a,
          co_window_paths_a, co_window_paths_a, co_window_corner_a,
          co_window_corner_a, co_window_broadway_a, co_window_unsneaky_path_a,
          co_window_unsneaky_path_a, co_window_corner_b,
          co_window_of_opportunity_b, co_window_paths_d, glass_columns_c,
          glass_columns_a, glass_columns_a, glass_columns_a, glass_columns_b,
          serial_shops, nicolae_shop_bloodbath_and_beyond, nrook_mini_backslash,
          minmay_misc_feat_ornament, nicolae_grassy_gnolls, uniq_jessica

Skill      XL: |  1  2  3  4 |
---------------+-------------+-----
Fighting       | 4 |  4.2
Shields        | 5 |  5.1
Axes           | 3 |  3.0
Armour         | |  3.3

Action                   |  1- 3 |  4- 6 || total
-------------------------+-------+-------++-------
Melee: War axe           |    92 |    26 ||   118
 Abil: Shaft Self        |       |     1 ||     1
Armor: Scale mail        |    41 |    14 ||    55
Dodge: Dodged            |    39 |    22 ||    61
Block: Buckler           |    26 |     6 ||    32

Table legend: (Time is in decaauts)
 A = Elapsed time spent in this place.
 B = Non-inter-level travel time spent in this place.
 C = Inter-level travel time spent in this place.
 D = Time resting spent in this place.
 E = Time spent auto-exploring this place.
 F = Levels seen in this place.
 G = Mean time per level.
                   A        B        C        D        E       F      G
               +--------+--------+--------+--------+--------+-----+--------+
         Total |   2179 |   2102 |     77 |      0 |   1754 |   3 |  726.3 |
       Dungeon |   2179 |   2102 |     77 |      0 |   1754 |   3 |  726.3 |
               +--------+--------+--------+--------+--------+-----+--------+

Top non-repeatable levels by time:
     D:2: 864 daAuts
     D:1: 853 daAuts
     D:3: 462 daAuts
